AoeStats
← 陟遐自迩

MegaRandom

506395149Analyzed
4v4 RM · 19d ago on Sep 13, 2026· 37m 54s· 8 players
Game mode
Random Map
Map size
Large (8 player)
Population
200
Speed
Normal
Resources
Standard
Victory
Conquest
Starting age
Dark Age
Ending age
Imperial Age
RankedLock teamsTeams togetherTeam positionsShared explorationLock speedFull tech treeHidden civsTurbo modeCheats
Victory
Defeat
🇨🇳 Magyars · China
1143
+17
🇹🇼 Cumans · Taiwan
1093
+19
🇨🇳 Vikings · China
1080
+20
🇩🇪 Muisca · Germany
1068
+20
🇫🇷 Teutons · France
1202
-20
🇮🇹 Aztecs · Italy
1188
-20
🇨🇿 Gurjaras · Czechia
1163
-19
🇷🇺 Burgundians · Russia
1116
-17
MrBigPotato
11:13 Feudal Age
17:16 Castle Age
17:56 Double-Bit Axe
22:02 Crossbowman
23:07 Forging
23:03 Scale Barding Armor
poky.pok
11:34 Feudal Age
锋
11:17 Feudal Age
12:44 Double-Bit Axe
18:57 Castle Age
18:18 Fletching
19:22 Crossbowman
21:16 Gold Mining
24:08 Padded Archer Armor
24:47 Bodkin Arrow
25:51 Pikeman
28:56 Scale Mail Armor
M0nero
0:28 Loom
8:18 Double-Bit Axe
11:32 Feudal Age
15:15 Forging
21:21 Castle Age
20:03 Gold Mining
21:26 Fletching
25:10 Stone Mining
25:50 Town Watch
26:10 Elite Skirmisher
27:24 Bodkin Arrow
29:42 Padded Archer Armor
29:59 Bow Saw
34:14 Ballistics
35:57 Leather Archer Armor
35:28 Pikeman
brandon102372
6:33 Loom
10:15 Feudal Age
11:17 Double-Bit Axe
11:13 Horse Collar
21:17 Castle Age
20:20 Bloodlines
20:25 Scale Barding Armor
21:05 Forging
20:53 Gold Mining
22:33 Wheelbarrow
22:36 Chain Barding Armor
25:52 Iron Casting
30:38 Bow Saw
30:29 Heavy Plow
34:59 Imperial Age
32:45 Hand Cart
33:17 Stone Mining
34:03 Gold Shaft Mining
33:44 Town Watch
35:48 Elite Steppe Lancer
35:52 Cavalier
37:57 Plate Barding Armor
38:23 Blast Furnace
37:46 Steppe Husbandry
38:08 Conscription
38:30 Cuman Mercenaries
super duck
10:45 Feudal Age
11:30 Double-Bit Axe
13:13 Loom
13:56 Fletching
19:31 Castle Age
18:23 Padded Archer Armor
19:46 Horse Collar
20:29 Heavy Plow
22:43 Crossbowman
25:41 Bodkin Arrow
29:11 Stone Mining
29:11 Gold Mining
30:01 Leather Archer Armor
35:15 Imperial Age
34:19 Ballistics
35:36 Town Watch
36:50 Conscription
36:31 Bogsveigar
35:57 Arbalester
36:57 Bracer
38:22 Chemistry
LXS babe
11:24 Feudal Age
10:48 Loom
16:52 Castle Age
15:40 Double-Bit Axe
15:52 Town Watch
16:18 Padded Archer Armor
16:08 Fletching
26:28 Bloodlines
27:34 Wheelbarrow
28:38 Hand Cart
28:15 Horse Collar
29:52 Heavy Plow
33:05 Bow Saw
35:11 Gold Mining
35:12 Stone Mining
36:30 Gold Shaft Mining
35:52 Bodkin Arrow
36:12 Leather Archer Armor
38:34 Imperial Age
36:26 Ballistics
36:04 Murder Holes
36:24 Husbandry
37:01 Thumb Ring
陟遐自迩
0:31 Loom
12:15 Feudal Age
18:20 Castle Age
17:25 Forging
19:16 Stone Mining
19:09 Horse Collar
19:18 Double-Bit Axe
21:21 Wheelbarrow
24:21 Squires
27:57 Bow Saw
27:50 Heavy Plow
27:56 Gold Mining
31:51 Imperial Age
29:42 Scale Mail Armor
31:19 Iron Casting
31:01 Chain Mail Armor
32:04 Hand Cart
31:39 Town Watch
32:50 Gold Shaft Mining
33:05 Conscription
33:42 Plate Mail Armor
34:04 Crop Rotation
34:38 Two-Man Saw
33:22 Elite Temple Guard
35:33 Fletching
Connection lost

Rejoining the realm…

Still unreachable

The connection could not be restored.

Session expired

The server has moved on; the page needs a fresh start.